 Dungeon Crawl Stone Soup version 0.29.1-15-g9cfb28693d (webtiles) character file.

Game seed: 14497594766400190066

312 BuddhaDhamma the Cleaver (level 6, 0/48 (51) HPs)
             Began as a Minotaur Berserker on Mar 20, 2023.
             Was a Believer of Trog.
             Slain by a wight
             ... wielding a +0 trident
              (6 damage)
             ... on level 4 of the Dungeon.
             The game lasted 00:04:57 (2523 turns).

BuddhaDhamma the Cleaver (Minotaur Berserker)       Turns: 2523, Time: 00:04:57

HP:   0/48 (51)     AC: 12    Str: 24    XL:     6   Next: 18%
MP:   5/5           EV:  7    Int:  4    God:    Trog [**....]
Gold: 124           SH:  0    Dex: 15    Spells: 5/5 levels left

rFire   . . .      SeeInvis .   a - +0 hand axe
rCold   . . .      Faith    .   (no shield)
rNeg    + . .      Spirit   .   b - +0 plate armour
rPois   .          Reflect  .   (helmet restricted)
rElec   .          Harm     .   (no cloak)
rCorr   .          Rampage  .   c - +0 pair of gloves
Will    .....                   (no boots)
Stlth   ..........              (no amulet)
HPRegen 0.16/turn               g - +6 ring of dexterity
MPRegen 0.09/turn               p - ring of positive energy

@: drained
A: horns 2, retaliatory headbutt
a: Renounce Religion, Berserk, Trog's Hand


You were on level 4 of the Dungeon.
You worshipped Trog.
Trog was pleased with you.
You visited 1 branch of the dungeon, and saw 4 of its levels.

You collected 124 gold pieces.

Inventory:

Hand Weapons
 a - a +0 hand axe (weapon)
Missiles
 f - 5 poisoned darts (quivered)
Armour
 b - a +0 plate armour (worn)
 c - a +0 pair of gloves (worn)
Jewellery
 g - a +6 ring of dexterity (left hand)
 j - a ring of fire
 p - a ring of positive energy (right hand)
 v - the ring of Acho {+Blink rElec rCorr Int-5 Dex+6}
   (You found it on level 3 of the Dungeon)

   [ring of dexterity]

   Int:       It affects your intelligence (-5).
   Dex:       It affects your dexterity (+6).
   rElec:     It insulates you from electricity.
   +Blink:    It lets you blink.
   rCorr:     It protects you from acid and corrosion.
Scrolls
 d - 5 scrolls of identify {unknown}
 i - a scroll of magic mapping {unknown}
 k - 3 scrolls of poison {unknown}
 l - a scroll of noise {unknown}
 n - a scroll of fear {unknown}
 r - a scroll of butterflies {unknown}
 s - a scroll of amnesia {unknown}
 t - a scroll of teleportation {unknown}
 x - a scroll of vulnerability {unknown}
Potions
 e - a potion of lignification {unknown}
 h - a potion of magic {unknown}
 m - a potion of ambrosia {unknown}
 o - a potion of flight {unknown}
 q - a potion of brilliance {unknown}
 u - a potion of haste {unknown}
 w - a potion of heal wounds {unknown}


   Skills:
 - Level 3.6 Fighting
 + Level 8.4 Axes
 - Level 2.4 Armour
 - Level 2.1 Dodging


You had 5 spell levels left.
You didn't know any spells.
Your spell library was empty.

Dungeon Overview and Level Annotations

Branches:
Dungeon (4/15)
 Temple: D:4-7

Altars:


Innate Abilities, Weirdness & Mutations

You have a pair of horns on your head.
You reflexively headbutt those who attack you in melee.


Message History

Your punch misses the wight.
The wight is moderately damaged.
You barely miss the wight. The wight closely misses you.
The wight hits you with a +0 long sword!
You partially resist.
You feel drained. The wight barely misses you. You furiously retaliate!
You headbutt the wight, but do no damage.
You hit the wight.
The wight is heavily damaged.
You barely miss the wight.
The wight hits you from afar with a +0 trident.
You partially resist.
You feel drained. The wight hits you but does no damage.
The wight hits you with a +0 falchion!
You hit the wight. Your headbutt misses the wight.
The wight is heavily damaged.
You hit the wight. You hit the wight. Your headbutt misses the wight.
The wight is heavily damaged.
You hit the wight. The wight closely misses you.
The wight hits you but does no damage.
You hit the wight. Your headbutt misses the wight.
The wight is severely damaged.
You closely miss the wight.
The wight hits you from afar with a +0 trident.
You partially resist.
You feel drained. The wight barely misses you. You furiously retaliate!
You headbutt the wight. The wight hits you but does no damage.
You hit the wight but do no damage.
The wight is heavily damaged.
You hit the wight.
The wight hits you from afar with a +0 trident!
* * * LOW HITPOINT WARNING * * *
The wight hits you with a +0 long sword!
* * * LOW HITPOINT WARNING * * *
The wight hits you but does no damage.
You barely miss the wight.
The wight is heavily damaged.
You hit the wight but do no damage. The wight barely misses you.
The wight hits you from afar with a +0 trident.
You die...

...# ####
...##...##
......#.###
#...#..#.###
..##..#.......#
#....#.......##
#..z÷.....###
#..##.z......#
#. #z@....###
..#...........#
....#.........##
..# ..#..#.....#
. #...#.#.#####
....$.#..$
...... ....
#.##. ...


You could see 3 wights.

Vanquished Creatures
  A wight (D:3)
  The ghost of wingedge the Covered, a weakling DgWn (D:3)
  A howler monkey (D:4)
  2 quasits (D:3)
  A hound (D:4)
  3 adders (D:2)
  A worm (D:2)
  3 dart slugs
  An orc (D:3)
  3 bats (D:1)
  4 endoplasms
  3 giant cockroaches
  7 goblins
  5 hobgoblins
  4 jackals (D:3)
  A quokka (D:1)
  3 ball pythons
  2 frilled lizards (D:1)
  4 kobolds
  8 rats
58 creatures vanquished.

Vanquished Creatures (others)
  4 toadstools (D:1)
4 creatures vanquished.

Grand Total: 62 creatures vanquished

Notes
Turn   | Place    | Note
-------+----------+-------------------------------------------
     0 | D:1      | BuddhaDhamma the Minotaur Berserker began the quest for the
                  | Orb.
     0 | D:1      | Reached XP level 1. HP: 19/19 MP: 0/0
    46 | D:1      | Reached skill level 4 in Axes
    51 | D:1      | Reached XP level 2. HP: 23/26 MP: 1/1
   702 | D:1      | Reached ** piety under Trog
   703 | D:1      | Reached skill level 5 in Axes
   756 | D:1      | Reached XP level 3. HP: 31/31 MP: 2/2
  1461 | D:2      | Reached skill level 6 in Axes
  1461 | D:2      | Reached XP level 4. HP: 38/39 MP: 3/3
  1661 | D:3      | Found a transporter.
  1817 | D:3      | Found a transporter.
  1818 | D:3      | Noticed wingedge's ghost (weakling DgWn)
  1854 | D:3      | Reached skill level 7 in Axes
  1854 | D:3      | Reached XP level 5. HP: 34/45 MP: 4/4
  1854 | D:3      | Killed wingedge's ghost
  1857 | D:3      | Identified the ring of Acho {+Blink rElec rCorr Int-5
                  | Dex+6}
  1979 | D:3      | Found a faded altar of an unknown god.
  2227 | D:4      | Reached skill level 8 in Axes
  2263 | D:3      | Reached XP level 6. HP: 9/51 MP: 5/5
  2523 | D:4      | Slain by a wight

Illustrated notes

Levels and vault maps discovered:
D:1:      ldierk_water_garden, layout_loops_ring, corner_web_ring
D:2:      layout_loops_ring, minivault_24
D:3:      layout_loops_ring, shapermc_ecumenical_altar_acropolis,
          gammafunk_ghost_stat_death
D:4:      layout_cave_pools, minitemple, minivault_26, hex_large,
          minmay_misc_feat_square

Skill      XL: |  1  2  3  4  5 |
---------------+----------------+-----
Axes           | 4 5 6 7 8 |  8.4
Fighting       | |  3.6
Armour         | |  2.4
Dodging        | |  2.1

Action                   |  1- 3 |  4- 6 || total
-------------------------+-------+-------++-------
Melee: Hand axe          |    81 |    56 ||   137
       Headbutt          |    10 |     5 ||    15
       Punch             |       |     1 ||     1
Throw: Dart              |     1 |       ||     1
Armor: Animal skin       |     8 |       ||     8
       Scale mail        |     5 |       ||     5
       Plate armour      |    19 |    60 ||    79
Dodge: Dodged            |    37 |    26 ||    63
